 Dungeon Crawl Stone Soup version 0.23.1-37-gaa34b87b72 (webtiles) character file.

Game seed: 7957492867938919810

37 MisterOstroum the Charmwright (level 3, 0/28 HPs)
             Began as a Merfolk Skald on Mar 25, 2019.
             Slain by an orc
             ... wielding a +0 flail
              (8 damage)
             ... on level 2 of the Dungeon.
             The game lasted 00:06:33 (1730 turns).

MisterOstroum the Charmwright (Merfolk Skald)       Turns: 1730, Time: 00:06:33

Health: 0/28       AC:  3    Str: 12    XL:     3   Next: 41%
Magic:  6/6        EV: 12    Int: 17    God:
Gold:   105        SH:  0    Dex: 13    Spells: 0/6 levels left

rFire    + . .     SeeInvis .   a - +0 spear
rCold    + . .     Gourm    .   (no shield)
rNeg     . . .     Faith    .   b - +0 leather armour
rPois    .         Spirit   .   (no helmet)
rElec    .         Reflect  .   (no cloak)
rCorr    .         Harm     .   (no gloves)
MR       .....                  (no boots)
Stlth    +.........             (no amulet)
HPRegen  0.09/turn              e - ring of protection from fire
MPRegen  0.10/turn              l - ring of protection from cold

@: brilliant
A: change form in water, swift swim, stealthy swim
a: no special abilities


You were on level 2 of the Dungeon.
You were not hungry.

You visited 1 branch of the dungeon, and saw 3 of its levels.

You collected 105 gold pieces.

Inventory:

Hand Weapons
 a - a +0 spear (weapon)
Missiles
 j - 6 curare-tipped needles
 o - 65 stones (quivered)
Armour
 b - a +0 leather armour (worn)
 p - a +0 plate armour
Jewellery
 e - a ring of protection from fire (left hand)
 l - a ring of protection from cold (right hand)
Scrolls
 h - 3 scrolls of remove curse {unknown}
 k - 3 scrolls of identify {unknown}
Potions
 c - a potion of heal wounds {unknown}
 f - a potion of mutation {unknown}
 g - a potion of degeneration {unknown}
 i - a potion of lignification {unknown}
 m - a potion of brilliance
 n - a potion of ambrosia {unknown}
Comestibles
 d - 3 rations
 q - 2 chunks of flesh


   Skills:
 + Level 2.7 Fighting
 + Level 3.7 Polearms
 - Level 0.6 Armour
 - Level 2.6 Dodging
 + Level 2.4 Spellcasting
 + Level 3.8 Charms


You couldn't memorise any spells.
You knew the following spells:

 Your Spells              Type           Power        Failure   Level  Hunger
a - Infusion              Chrm           ####         1%          1    #......
b - Song of Slaying       Chrm           ####....     1%          2    ##.....
c - Spectral Weapon       Hex/Chrm       ###.....     4%          3    ###....

Your spell library contained the following spells:

 Spells                   Type           Power        Failure   Level  Hunger
 Shroud of Golubria       Chrm/Tloc      ###.......   1%          2    ##.....
 Regeneration             Chrm/Necr      ###.......   4%          3    ###....


Dungeon Overview and Level Annotations

Branches:
Dungeon (3/15)

Altars:
Cheibriados
Makhleb


Message History

Okay, then.
Okay, then.
You can't go up here!
You climb downwards.
The orc priest shouts!
The orc hits you with a +0 flail. The orc hits you.
There is a stone staircase leading up here.
The orc hits you with a +0 flail!
* * * LOW HITPOINT WARNING * * *
The orc hits you.
* * * LOW HITPOINT WARNING * * *
You climb upwards.
There is a stone staircase leading down here.
The orc completely misses you.
There is a stone staircase leading down here.
You hit the orc but do no damage. The orc barely misses you.
It was a potion of brilliance.
You feel clever all of a sudden. The orc hits you with a +0 flail!
You die...

........#.# #.......#
..........###.......#
............#.......#
...).....##.........#
.........####.>.....#
.........# #....####
.........## ####o#
.......#..## #o#
##.######..# #@# #.#
#..## #)##
#.######...## #..#
#.#.........####.#
##.#.#####..###...#
.......##.......###
..........#...###
.......####.#.#
.......# #.#.###


You could see 2 orcs.

Vanquished Creatures
  A dart slug (D:1)
  3 leopard geckos
  An orc (D:2)
  3 bats (D:1)
  A giant cockroach (D:2)
  4 hobgoblins
  2 ball pythons
  3 frilled lizards
  4 goblins
  5 kobolds
  3 rats
30 creatures vanquished.

Notes
Turn   | Place    | Note
-------+----------+-------------------------------------------
     0 | D:1      | MisterOstroum the Merfolk Skald began the quest for the
                  | Orb.
     0 | D:1      | Reached XP level 1. HP: 16/16 MP: 3/3
   248 | D:1      | Reached XP level 2. HP: 22/23 MP: 5/5
   264 | D:1      | Learned a level 2 spell: Song of Slaying
   882 | D:2      | Found a snail-covered altar of Cheibriados.
  1087 | D:2      | Found a burning altar of Makhleb.
  1141 | D:2      | Reached XP level 3. HP: 21/28 MP: 2/6
  1193 | D:2      | Learned a level 3 spell: Spectral Weapon
  1730 | D:2      | Slain by an orc

Action                   || total
-------------------------++-------
Melee: Spear             ||    87
Throw: Stone             ||     2
 Cast: Infusion          ||     3
  Use: Potion            ||     2
  Eat: Chunk             ||     3
Armor: Leather armour    ||    14
Dodge: Dodged            ||    42
